 Dungeon Crawl Stone Soup version bcrawl-1.27.3 (webtiles) character file.

Game seed: 11198816825207500500

109915 hurricos the Slasher (level 3, 0/21 HPs)
             Began as a Skeleton Skald on Oct 10, 2020.
             Slain by a worm (6 damage)
             ... on level 2 of the Dungeon.
             The game lasted 00:01:27 (1626 turns).

hurricos the Slasher (Skeleton Skald)               Turns: 1626, Time: 00:01:28

Health: 0/21       AC:  4    Str: 17      XL:     3   Next: 58%
Magic:  0/7        EV: 12    Int:  8 (11) God:
Gold:   150        SH:  3    Dex:  9      Spells: 5/8 levels left

rFire    . . .     SeeInvis .   a - +0 falchion
rCold    + . .     Gourm    .   (no shield)
rNeg     + + +     Faith    .   b - +0 leather armour
rPois    ∞         Spirit   +   (no helmet)
rElec    .         Reflect  .   (no cloak)
rCorr    .         Harm     .   (no gloves)
MR       .....                  c - +0 pair of boots
Stlth    +.........             (no amulet)
HPRegen  0.07/turn              (no ring)
MPRegen  0.10/turn              (no ring)

@: singing, very slightly contaminated
A: no food or potions, cold resistance 1, deterioration 1, negative energy
resistance 3, torment resistance, unbreathing, magic shield, sturdy frame 1,
spell healing
a: no special abilities


You were on level 2 of the Dungeon.
You were not hungry.

You visited 1 branch of the dungeon, and saw 2 of its levels.

You collected 150 gold pieces.

Inventory:

Hand Weapons
 a - a +0 falchion (weapon)
 j - a -3 dagger
Missiles
 i - a throwing net {=f}
Armour
 b - a +0 leather armour (worn)
 c - a +0 pair of boots (worn)
Scrolls
 d - a scroll of fear
 e - 3 scrolls of identify


   Skills:
 - Level 2.0 Fighting
 + Level 4.9 Long Blades
 - Level 1.1 Armour
 - Level 2.0 Dodging
 - Level 3.0 Spellcasting
 - Level 3.2 Charms


You had 5 spell levels left.
You knew the following spells:

 Your Spells              Type           Power        Failure   Level  Hunger
a - Infusion              Chrm           #.......     9%          1    N/A
S - Song of Slaying       Chrm           #.......     13%         2    N/A

Your spell library contained the following spells:

 Spells                   Type           Power        Failure   Level  Hunger
 Ozocubu's Armour         Chrm/Ice       #.......     45%         3    N/A
 Spectral Weapon          Hex/Chrm       #.......     45%         3    N/A
 Regeneration             Chrm/Necr      Unusable     N/A         3    N/A

Dungeon Overview and Level Annotations

Branches:
Dungeon (2/12)

Altars:
Dithmenos


Innate Abilities, Weirdness & Mutations

You do not eat or drink.
You are immune to poison.
Your flesh is cold resistant. (rC+)
Your body sometimes deteriorates upon taking damage.
You are immune to negative energy. (rN+++)
You are immune to unholy pain and torment.
You can survive without breathing.
When hurt, damage is shared between your health and your magic reserves.
Your movements are slightly less encumbered by armour. (ER -2)
Casting spells heals you.


Message History

You miss the adder.
The adder is almost dead.
You block the adder's attack. You block the worm's attack.
The adder bites you but does no damage.
You barely miss the adder.
The adder is almost dead.
The adder bites you.
Your body deteriorates!
You feel dopey.
Unknown command.
You are too injured to fight recklessly!
You are too injured to fight recklessly!
You hit the worm.
The worm is lightly wounded.
The adder barely misses you. The worm bites you.
You closely miss the adder.
The adder is almost dead.
The adder bites you.
* * * LOW HITPOINT WARNING * * *
The worm bites you!
You die...

#.)....%.# # ...>...
#........## ## .......
####.#....# #. .......
#..#..#.# #. .......
##.##....###. .......
#..##.#...... .......###
#.##......... .(....S..#
#.##.##...#..
..$...w@.###.#..##÷)....
..........##.#..##.##...
.....%..#.##.#.###....#.
........#......##..####.
........##..#...#..# .
.......#....#......# .
..........###.....##
######....###...#.###
............#...####


You could see a worm and an adder.

Vanquished Creatures
  An ooze (D:1)
  A worm (D:2)
  5 leopard geckos
  2 giant cockroaches
  A goblin (D:1)
  4 hobgoblins
  3 jackals
  8 bats
  4 frilled lizards
  5 kobolds
  3 rats
37 creatures vanquished.

Notes
Turn   | Place    | Note
-------+----------+-------------------------------------------
     0 | D:1      | hurricos the Skeleton Skald began the quest for the Orb.
     0 | D:1      | Reached XP level 1. HP: 12/12 MP: 4/4
     3 | D:1      | Noticed an electric eel
     3 | D:1      | Noticed an electric eel
    64 | D:1      | Reached skill level 3 in Long Blades
   211 | D:1      | Reached XP level 2. HP: 17/17 MP: 6/6
   264 | D:1      | Learned a level 2 spell: Song of Slaying
   510 | D:1      | Reached skill level 4 in Long Blades
   713 | D:1      | Reached XP level 3. HP: 21/21 MP: 7/7
  1458 | D:2      | Found a shadowy altar of Dithmenos.
  1626 | D:2      | Slain by a worm

Skill      XL: |  1  2 |
---------------+-------+-----
Long Blades    | 3 4 |  4.9
Fighting       | |  2.0
Armour         | |  1.1
Dodging        | |  2.0
Spellcasting   | |  3.0
Charms         | |  3.2

Action                   || total
-------------------------++-------
Melee: Falchion          ||   147
 Cast: Song of Slaying   ||     9
  Use: Scroll            ||     3
Armor: Leather armour    ||    56
Dodge: Dodged            ||   102
Block: Other             ||    11
